 Dungeon Crawl Stone Soup version 0.23.2-33-g5129a83184 (webtiles) character file.

Game seed: 2391122130010896630

77 Descartes the Sneak (level 4, 0/21 HPs)
             Began as a Spriggan Enchanter on July 7, 2019.
             Killed from afar by Sigmund (9 damage)
             ... with a magic dart
             ... on level 2 of the Dungeon.
             The game lasted 00:05:39 (3229 turns).

Descartes the Sneak (Spriggan Enchanter)            Turns: 3229, Time: 00:05:40

Health: 0/21       AC:  2    Str:  4    XL:     4   Next: 13%
Magic:  10/10      EV: 19    Int: 16    God:
Gold:   69         SH:  0    Dex: 17    Spells: 2/9 levels left

rFire    . . .     SeeInvis +   a - +3 rapier
rCold    . . .     Gourm    .   (shield restricted)
rNeg     . . .     Faith    .   n - +0 robe
rPois    .         Spirit   .   (helmet restricted)
rElec    .         Reflect  .   (no cloak)
rCorr    .         Harm     .   (gloves unavailable)
MR       .....                  (boots unavailable)
Stlth    +++.......             (no amulet)
HPRegen  0.07/turn              (no ring)
MPRegen  0.12/turn              (no ring)

@: very quick
A: very small, unfitting armour, see invisible, herbivore, speed 3, slow
metabolism 2
a: no special abilities


You were on level 2 of the Dungeon.
You were hungry.

You visited 1 branch of the dungeon, and saw 2 of its levels.

You collected 69 gold pieces.

Inventory:

Hand Weapons
 a - a +3 rapier (weapon)
 b - a +0 hunting sling
Missiles
 g - 88 stones (quivered)
 i - 21 arrows
 m - 19 sling bullets
Armour
 n - a +0 robe (worn)
Scrolls
 f - 4 scrolls of identify {unknown}
 h - a scroll of blinking {unknown}
 j - a scroll of amnesia {unknown}
 l - a scroll of fear {unknown}
Potions
 c - a potion of flight
 e - a potion of curing
 k - 2 potions of degeneration {unknown}
Comestibles
 d - 3 rations


   Skills:
 + Level 0.4 Fighting
 * Level 2.1 Short Blades
 * Level 4.0 Dodging
 * Level 5.1 Stealth
 * Level 3.4 Spellcasting
 + Level 0.2 Conjurations
 + Level 3.9 Hexes


You had 2 spell levels left.
You knew the following spells:

 Your Spells              Type           Power        Failure   Level  Hunger
a - Corona                Hex            ###....      3%          1    None
b - Dazzling Spray        Conj/Hex       #.....       22%         3    ###....
c - Confuse               Hex            ###.....     11%         3    ###....

Your spell library contained the following spells:

 Spells                   Type           Power        Failure   Level  Hunger
 Ensorcelled Hibernation  Hex/Ice        #.....       12%         2    ##.....
 Tukima's Dance           Hex            ###.....     11%         3    ###....


Dungeon Overview and Level Annotations

Branches:
Dungeon (2/15)

Altars:
Fedhas

Annotations:
D:2 Sigmund


Innate Abilities, Weirdness & Mutations

You are very small and have problems with some larger weapons.
You are too small for most types of armour.
You have supernaturally acute eyesight. (SInv)
You are a herbivore.
You cover ground extremely quickly.
You need to consume almost no food.


Message History

Sigmund completely misses you.
You see here a +0 club.
You hit Sigmund.
Sigmund is lightly wounded.
Sigmund barely misses you.
You completely miss Sigmund.
Sigmund is lightly wounded.
Sigmund hits you with a +0 scythe!
Ouch! That really hurt!
You barely miss Sigmund.
Sigmund is lightly wounded.
You puncture Sigmund!
Sigmund is heavily wounded.
Sigmund looks at you with fury. Sigmund barely misses you.
You barely miss Sigmund.
Sigmund is moderately wounded.
Sigmund casts a spell at you. The magic dart hits you!
You die...

..# ##.).###.# #
#.#>###..#..##.######## #
#.P.....###...........###
#P.PPP...#.........).....
#PP_PP##..[###.##########
#PP..P ##### #.# #...P.
#.# #.#..(########.#
#...(..@@..%...#
################


You could see Sigmund (invisible).

Vanquished Creatures
  An adder (D:2)
  A worm (D:2)
  2 dart slugs (D:1)
  2 leopard geckos (D:2)
  5 orcs (D:2)
  2 bats (D:2)
  7 giant cockroaches
  4 goblins
  11 hobgoblins
  4 jackals (D:1)
  3 kobolds
  A frilled lizard (D:1)
  2 rats
45 creatures vanquished.

Notes
Turn   | Place    | Note
-------+----------+-------------------------------------------
     0 | D:1      | Descartes the Spriggan Enchanter began the quest for the
                  | Orb.
     0 | D:1      | Reached XP level 1. HP: 9/9 MP: 5/5
   387 | D:1      | Reached XP level 2. HP: 11/13 MP: 6/6
  1754 | D:1      | Reached XP level 3. HP: 13/16 MP: 8/8
  1996 | D:1      | Learned a level 3 spell: Dazzling Spray
  2000 | D:1      | Learned a level 3 spell: Confuse
  2023 | D:2      | Found a blossoming altar of Fedhas.
  2036 | D:2      | Noticed Sigmund
  2512 | D:2      | Reached skill level 5 in Stealth
  2787 | D:2      | Reached XP level 4. HP: 20/21 MP: 10/10
  3229 | D:2      | Killed from afar by Sigmund

Skill      XL: |  1  2  3  4 |
---------------+-------------+-----
Spellcasting   | 3 |  3.4
Short Blades   | 2 |  2.1
Stealth        | 5 |  5.1
Dodging        | 4 |  4.0
Fighting       | |  0.4
Conjurations   | |  0.2
Hexes          | |  3.9

Action                   |  1- 3 |  4- 6 || total
-------------------------+-------+-------++-------
Melee: Dagger            |   171 |       ||   171
       Rapier            |    54 |    24 ||    78
 Fire: Hunting sling     |       |     2 ||     2
  Use: Potion            |     2 |       ||     2
 Stab: Sleeping          |     7 |       ||     7
       Distracted        |     1 |       ||     1
Armor: Robe              |    17 |     1 ||    18
Dodge: Dodged            |   157 |    27 ||   184
